Map: Interloper LE

Players

AdminC (Bioice)

  • Race: Zerg Zerg
  • Spawn Location: 5:00

MaSa - Winner!

  • Race: Terran Terran
  • Spawn Location: 11:00

Event: WCS Montreal 2017

VOD

Have the link to the VOD?

Description

Time

  • Played on: Sept. 8, 2017, 6:27 p.m.
  • Length: 23:49

All games in this series

Show
View Real Time Build Order
Export as new Build Order

AdminC Zerg 

Build Orders: Pool First, Muta Ling Bane 

Get SALT Encoding   

  12  0:00  Drone  
  13  0:13  Overlord  
  13  0:17  Drone  
  14  0:31  Drone  
  14  0:32  Drone  
  16  0:41  Spawning Pool  
  15  0:45  Drone  
  15  0:48  Drone  
  17  1:10  Hatchery  
  16  1:12  Drone  
  16  1:16  Extractor  
  16  1:28  Zergling x2  
  16  1:30  Zergling x4  
  19  1:33  Queen  
  21  1:43  Overlord  
  21  1:51  Drone  
  22  2:05  Drone  
  23  2:09  Queen  
  23  2:11  Drone  
  26  2:22  Overlord  
  26  2:24  Metabolic Boost  
  26  2:33  Drone  
  26  2:35  Drone x2  
  28  2:43  Drone  
  28  2:45  Drone  
  28  2:48  Drone x2  
  28  2:50  Drone  
  32  2:54  Drone  
  32  2:58  Drone  
  33  3:03  Roach Warren  
  32  3:08  Zergling x4  
  34  3:17  Overlord  
  33  3:42  Overlord  
  33  3:45  Roach x6  
  45  3:54  Roach x3  
  51  3:56  Overlord  
  51  4:02  Roach x2  
  55  4:04  Overlord  
  55  4:10  Roach  
  55  4:16  Zergling x6  
  60  4:21  Overlord  
  60  4:23  Zergling x2  
  60  4:24  Zergling x4  
  63  4:29  Zergling x6  
  66  4:33  Zergling x2  
  66  4:34  Zergling x2  
  68  4:42  Zergling x2  
  68  4:51  Zergling x2  
  67  4:58  Zergling x12  
  65  5:13  Zergling x2  
  61  5:14  Zergling x2  
  61  5:20  Zergling x2  
  54  5:30  Drone  
  54  5:31  Drone x2  
  54  5:34  Lair  
  51  5:36  Drone x4  
  51  5:37  Drone x2  
  51  5:38  Extractor  
  51  5:39  Extractor  
  51  5:45  Drone x2  
  51  5:49  Hatchery  
  42  5:57  Drone  
  42  5:58  Drone  
  43  6:04  Extractor  
  43  6:07  Spore Crawler  
  43  6:08  Spore Crawler, Zergling x4  
  43  6:09  Zergling x8  
  43  6:10  Queen  
  48  6:14  Drone x2  
  50  6:25  Drone x2  
  52  6:38  Spire  
  52  6:39  Overseer  
  51  6:44  Drone  
  51  6:45  Drone x7  
  59  6:48  Queen  
  61  6:58  Overlord  
  56  7:18  Spore Crawler  
  56  7:19  Queen  
  56  7:20  Overlord  
  56  7:31  Spore Crawler  
  56  7:33  Spore Crawler  
  55  7:41  Overlord  
  55  7:42  Drone  
  56  7:50  Spore Crawler  
  55  7:52  Mutalisk  
  55  7:53  Mutalisk x9  
  55  7:57  Drone x3  
  78  8:00  Drone  
  78  8:02  Evolution Chamber  
  78  8:04  Drone  
  78  8:05  Drone x2  
  81  8:06  Evolution Chamber  
  81  8:09  Drone  
  81  8:10  Baneling Nest  
  81  8:12  Drone  
  81  8:15  Drone x2  
  81  8:19  Drone x2  
  85  8:25  Drone x2  
  87  8:30  Zergling x2  
  87  8:31  Zergling x8  
  92  8:38  Extractor, Zergling x6  
  92  8:39  Extractor  
  89  8:57  Zergling x2  
  89  8:58  Zergling x14  
  89  9:00  Zerg Melee Weapons Level 1, Zerg Ground Armor Level 1, Centrifical Hooks  
  97  9:08  Mutalisk x3  
  97  9:18  Drone  
  97  9:21  Overseer  
  98  9:24  Baneling x4  
  98  9:25  Baneling x6  
  98  9:27  Overlord  
  98  9:32  Overlord  
  98  9:36  Overlord  
  98  9:39  Hatchery  
  91  9:56  Zergling x2  
  91  9:57  Zergling x20  
  92  10:01  Mutalisk x4  
  99  10:10  Zergling x10  
  101  10:19  Mutalisk x2  
  103  10:21  Baneling x2  
  103  10:22  Baneling x7  
  103  10:23  Baneling x4  
  103  10:30  Drone x6  
  109  10:42  Hydralisk Den  
  108  10:43  Baneling x6  
  108  10:51  Drone x5  
  108  10:52  Drone x4  
  108  10:55  Zerg Melee Weapons Level 2  
  117  11:00  Drone x2  
  117  11:02  Overlord  
  119  11:09  Zerg Ground Armor Level 2  
  116  11:22  Overlord x2  
  116  11:25  Muscular Augments, Hydralisk  
  116  11:26  Hydralisk x4  
  116  11:30  Hydralisk  
  116  11:32  Overlord  
  126  11:39  Hydralisk x2  
  111  11:48  Hydralisk x2  
  111  11:51  Hydralisk x3  
  121  11:56  Hydralisk x2  
  121  12:07  Hydralisk x3  
  121  12:08  Hydralisk  
  129  12:10  Drone x6  
  129  12:11  Drone x3  
  138  12:31  Infestation Pit  
  138  12:32  Hydralisk  
  138  12:33  Hydralisk x4  
  138  12:35  Zergling x4  
  149  12:37  Hatchery  
  149  12:39  Overlord  
  149  12:41  Hydralisk  
  148  13:04  Zergling x2  
  148  13:05  Zergling x22  
  160  13:07  Overlord x3  
  160  13:09  Extractor  
  160  13:10  Extractor  
  158  13:16  Baneling x6  
  158  13:17  Baneling x11  
  158  13:19  Overlord  
  158  13:20  Overseer  
  158  13:22  Hive  
  158  13:30  Zergling x2  
  153  13:46  Hydralisk  
  153  13:47  Hydralisk x6  
  153  13:48  Zergling x10  
  165  13:49  Zergling x12  
  175  14:01  Baneling x17  
  175  14:02  Zergling x2  
  176  14:03  Zergling x4  
  177  14:19  Zergling x2  
  166  14:24  Hatchery  
  146  14:31  Hydralisk  
  146  14:32  Zergling x2  
  146  14:35  Zergling x14  
  146  14:36  Zergling x6  
  146  14:44  Zergling x2  
  146  14:45  Zergling x8  
  141  14:53  Zergling x2  
  141  14:54  Zergling x4  
  141  14:57  Zerg Ground Armor Level 3, Zerg Melee Weapons Level 3  
  144  15:03  Ultralisk Cavern  
  140  15:07  Drone x3  
  140  15:08  Drone x2  
  140  15:11  Baneling  
  140  15:12  Baneling x3  
  143  15:15  Drone x2  
  143  15:16  Drone x2  
  143  15:17  Baneling  
  143  15:18  Baneling x7  
  143  15:19  Baneling  
  147  15:23  Baneling x6  
  144  15:39  Drone  
  144  15:40  Drone x7  
  152  15:46  Extractor  
  152  15:47  Extractor  
  150  15:51  Chitinous Plating  
  150  15:53  Viper x2  
  150  15:55  Ultralisk  
  160  16:20  Ultralisk x3  
  173  16:37  Ultralisk  
  173  16:38  Hatchery  
  168  16:49  Ultralisk  
  174  16:58  Ultralisk  
  174  16:59  Extractor, Drone  
  174  17:00  Drone x2  
  182  17:15  Viper  
  168  17:18  Ultralisk  
  168  17:20  Viper  
  163  17:31  Viper  
  157  17:40  Drone  
  157  17:41  Drone x4  
  157  17:42  Viper  
  162  17:48  Drone x5  
  167  18:00  Baneling  
  167  18:01  Hatchery, Baneling x3  
  167  18:02  Ultralisk  
  172  18:06  Ultralisk  
  172  18:08  Hydralisk  
  180  18:15  Hydralisk x2  
  180  18:19  Zergling x2  
  185  18:20  Zergling x2  
  185  18:22  Zergling x2  
  187  18:28  Hydralisk  
  151  18:53  Ultralisk x2  
  116  19:11  Ultralisk x2  
  126  19:28  Ultralisk  
  130  19:35  Drone x5  
  132  19:55  Ultralisk  
  132  19:59  Extractor  
  135  20:04  Extractor, Drone x3  
  135  20:05  Drone x2  
  135  20:06  Drone  
  140  20:11  Zergling x2  
  141  20:24  Overlord x4  
  130  20:40  Ultralisk x2  
  96  20:52  Ultralisk  
  96  20:56  Overseer  
  90  21:05  Zergling x10  
  90  21:06  Zergling x10  
  97  21:12  Drone  
  97  21:17  Drone x3  
  97  21:18  Drone  
  102  21:19  Drone  
  103  21:27  Viper x2  
  108  21:37  Ultralisk  
  114  21:53  Baneling x3  
  110  22:00  Viper  
  103  22:09  Zergling x2  
  103  22:10  Zergling x6  
  105  22:17  Hatchery  
  105  22:20  Drone  
  105  22:21  Drone x2  
  105  22:22  Drone  
  108  22:25  Drone  
  109  22:30  Zergling x2  
  109  22:35  Viper  
  113  22:43  Viper  
  116  22:51  Baneling  
  116  22:52  Baneling x3  
  116  23:04  Hydralisk x3  
  107  23:22  Hydralisk  
  107  23:23  Hydralisk x4  
Show
View Real Time Build Order
Export as new Build Order

MaSa Terran - Winner!

Build Orders: Gas First Reaper Expand, Reaper Expand, MMM Bio 

Get SALT Encoding   

  12  0:01  SCV  
  13  0:13  SCV  
  14  0:17  Supply Depot  
  14  0:25  SCV  
  15  0:31  Refinery  
  15  0:39  SCV  
  16  0:44  Barracks  
  16  0:51  SCV  
  17  1:03  SCV  
  18  1:16  SCV  
  19  1:31  Orbital Command, Reaper  
  20  1:43  Command Center  
  20  1:54  Factory  
  20  1:57  SCV  
  21  2:03  Refinery  
  21  2:09  Barracks Reactor, SCV  
  22  2:16  Supply Depot  
  22  2:21  SCV  
  23  2:38  SCV  
  24  2:50  SCV  
  25  2:57  Starport, Barracks Tech Lab  
  25  3:00  Hellion x2  
  25  3:02  SCV  
  30  3:14  SCV  
  30  3:15  Orbital Command  
  31  3:26  SCV, Hellion x2  
  36  3:32  Marine  
  37  3:39  Viking  
  40  3:41  SCV  
  40  3:42  SCV  
  41  3:49  Marine  
  41  3:53  SCV  
  41  3:54  Supply Depot, SCV  
  44  4:05  SCV  
  45  4:11  Factory Tech Lab  
  45  4:12  SCV  
  46  4:17  Bunker  
  46  4:18  Bunker, SCV  
  46  4:19  Banshee  
  50  4:27  Command Center  
  51  4:31  SCV  
  51  4:32  Siege Tank  
  54  4:44  Supply Depot x2  
  54  4:45  Marine  
  54  4:47  SCV  
  54  4:50  SCV  
  52  4:59  SCV  
  48  5:02  Banshee, SCV  
  47  5:11  SCV  
  45  5:14  Siege Tank, SCV  
  40  5:28  SCV  
  38  5:31  Marine x2  
  38  5:39  Orbital Command  
  38  5:40  SCV  
  35  5:52  SCV  
  34  6:03  Supply Depot  
  34  6:04  SCV  
  34  6:06  SCV  
  34  6:09  Orbital Command  
  36  6:12  Marine  
  36  6:15  Stimpack  
  36  6:16  SCV  
  36  6:18  SCV, Starport Reactor  
  39  6:24  Factory Reactor  
  39  6:28  SCV  
  39  6:30  Marine, SCV  
  42  6:34  Barracks  
  42  6:39  Barracks  
  42  6:40  SCV  
  42  6:43  SCV x2  
  45  6:49  Marine  
  45  6:52  SCV  
  47  6:55  SCV  
  47  6:56  SCV  
  47  6:57  Medivac  
  51  7:04  SCV  
  51  7:07  SCV  
  51  7:08  Factory Reactor  
  49  7:09  Marine  
  49  7:10  SCV  
  45  7:16  SCV  
  45  7:20  Medivac  
  49  7:22  SCV  
  49  7:27  Marine  
  49  7:29  SCV  
  51  7:31  SCV  
  51  7:36  SCV  
  53  7:39  Engineering Bay  
  53  7:40  Refinery  
  53  7:42  Engineering Bay  
  53  7:44  Marine x2, SCV  
  54  7:46  Widow Mine  
  54  7:48  Widow Mine  
  54  7:50  Marine  
  61  7:53  SCV  
  61  7:54  SCV  
  63  8:01  Viking  
  65  8:08  Missile Turret  
  65  8:09  SCV x2  
  65  8:10  SCV  
  65  8:11  Missile Turret  
  68  8:13  Terran Infantry Weapons Level 1  
  68  8:17  Terran Infantry Armor Level 1  
  68  8:18  Widow Mine  
  70  8:21  Widow Mine  
  70  8:23  SCV  
  70  8:25  SCV  
  70  8:26  SCV  
  75  8:30  Refinery  
  75  8:34  Marine x2  
  75  8:35  Marine, SCV  
  75  8:40  Barracks, SCV  
  75  8:41  SCV  
  81  8:47  SCV  
  79  8:49  Marine  
  79  8:50  Marine  
  79  8:52  Marine x2, SCV  
  84  8:57  SCV  
  85  9:09  Barracks, Supply Depot x2  
  85  9:13  Orbital Command  
  85  9:27  Supply Depot  
  85  9:28  Factory  
  85  9:30  Marine x3, SCV x2  
  90  9:32  Supply Depot  
  90  9:33  Combat Shields  
  90  9:36  Medivac, Factory Reactor  
  92  9:40  Medivac, SCV  
  92  9:42  SCV x2  
  97  9:46  Marine  
  97  9:47  Marine x2  
  94  9:53  SCV  
  94  9:55  Marine x4, SCV x2  
  82  10:05  SCV  
  82  10:07  SCV  
  79  10:08  Missile Turret  
  79  10:13  SCV  
  77  10:17  SCV  
  77  10:19  SCV  
  78  10:25  Armory  
  78  10:27  SCV  
  79  10:32  SCV x2  
  79  10:35  Marine x3  
  82  10:39  Barracks Reactor  
  82  10:40  Marine  
  82  10:41  SCV  
  86  10:44  SCV x2  
  86  10:46  Medivac  
  86  10:49  Medivac  
  92  10:52  Marine x2  
  92  10:53  SCV  
  92  10:55  Marine x2  
  92  10:56  SCV  
  98  10:57  Marine  
  98  10:58  Marine  
  98  10:59  SCV  
  98  11:01  Widow Mine  
  98  11:02  Widow Mine  
  105  11:05  SCV  
  105  11:10  Missile Turret  
  104  11:12  Marine x2  
  104  11:14  SCV  
  104  11:16  Terran Infantry Weapons Level 2  
  103  11:19  Terran Infantry Armor Level 2  
  103  11:22  SCV x2  
  105  11:30  Marine  
  105  11:31  Supply Depot x2  
  106  11:33  Marine x2  
  108  11:41  Marine x2  
  108  11:42  Marine  
  108  11:44  Marine x3, SCV  
  108  11:46  SCV  
  105  11:48  Marine  
  105  11:53  SCV  
  101  11:55  Marine  
  101  11:57  SCV  
  101  11:58  SCV  
  103  12:03  Marine  
  103  12:05  SCV  
  104  12:08  Terran Vehicle Weapons Level 1  
  104  12:09  SCV  
  104  12:11  SCV  
  104  12:15  Marine  
  104  12:16  Marine x6  
  104  12:18  SCV  
  104  12:20  Siege Tank  
  104  12:21  Marine  
  104  12:22  Siege Tank  
  119  12:25  Medivac  
  119  12:27  Medivac  
  123  12:30  Marine  
  123  12:32  Refinery  
  123  12:33  Marine x3  
  123  12:34  Refinery  
  127  12:43  Supply Depot  
  127  12:45  Marine  
  127  12:47  Supply Depot  
  127  12:48  Supply Depot  
  126  12:51  Marine x4  
  126  12:52  Siege Tank, Marine  
  126  12:54  Orbital Command  
  126  12:57  Siege Tank  
  130  13:13  Supply Depot x2  
  130  13:18  Marine x4  
  134  13:24  Siege Tank  
  137  13:28  Missile Turret  
  137  13:29  Siege Tank  
  137  13:32  Marine x5  
  142  13:42  Marine  
  142  13:43  Marine  
  142  13:44  SCV  
  145  13:52  Terran Infantry Weapons Level 3  
  144  13:57  Command Center  
  144  14:03  Terran Infantry Armor Level 3  
  144  14:07  Siege Tank  
  147  14:10  SCV x2  
  147  14:11  SCV  
  147  14:14  Supply Depot, Marine  
  143  14:28  Marine x3  
  143  14:29  Marine x6  
  131  14:32  Marine  
  102  14:46  Siege Tank, Marine x6  
  102  14:48  Marine  
  97  15:08  SCV x2  
  97  15:10  Marine  
  97  15:11  Command Center  
  97  15:12  Marine  
  101  15:15  Marine x2  
  103  15:23  Siege Tank  
  103  15:27  SCV  
  105  15:32  Siege Tank  
  105  15:33  SCV  
  105  15:38  Marine  
  105  15:39  Marine, SCV  
  108  15:48  Marine  
  108  15:49  Marine x3  
  111  15:50  Marine x3  
  111  15:51  Marine  
  111  15:52  SCV  
  111  15:54  SCV  
  111  15:55  Siege Tank  
  121  16:00  Terran Vehicle Weapons Level 2  
  121  16:08  Marine  
  121  16:09  Marine x4  
  124  16:12  Marine  
  124  16:13  Marine x2  
  121  16:19  Siege Tank, Marine  
  121  16:20  Marine  
  126  16:28  Marine x2  
  126  16:29  Marine x2  
  129  16:38  Siege Tank  
  132  16:43  Marine x3  
  135  16:51  Planetary Fortress  
  135  16:57  SCV  
  135  16:58  Sensor Tower  
  136  17:03  Siege Tank  
  136  17:04  Marine x2  
  136  17:05  SCV  
  136  17:07  Marine  
  143  17:13  Siege Tank, Marine  
  136  17:26  Marine x2  
  136  17:27  SCV  
  129  17:33  Liberator, SCV x2  
  129  17:35  Siege Tank  
  134  17:37  Medivac  
  134  17:39  SCV  
  137  17:45  Siege Tank  
  137  17:50  Liberator  
  143  17:53  Marine  
  143  17:55  Marine x2  
  143  17:57  Marine x4  
  153  18:13  Marine x6  
  153  18:14  Marine x2  
  153  18:15  Missile Turret  
  161  18:20  Supply Depot x2  
  161  18:21  Liberator  
  161  18:26  Siege Tank  
  164  18:31  Supply Depot  
  164  18:33  Liberator  
  164  18:37  Siege Tank  
  155  18:43  Marine x2  
  155  18:44  Marine  
  148  18:58  Siege Tank  
  138  19:09  Siege Tank  
  141  19:14  Marine  
  142  19:17  Marine  
  142  19:19  SCV  
  142  19:22  Marine x2  
  146  19:24  Liberator  
  146  19:25  SCV  
  146  19:27  SCV  
  146  19:30  Siege Tank  
  147  19:31  SCV  
  148  19:39  Liberator  
  148  19:41  SCV  
  148  19:44  Marine  
  148  19:45  Marine x3  
  142  19:48  SCV x2  
  142  19:50  Marine  
  145  20:07  Liberator, Marine  
  145  20:13  Siege Tank  
  149  20:15  Marine  
  149  20:16  Orbital Command, Marine x2  
  149  20:21  Liberator, Marine x2  
  153  20:40  Marine x3  
  131  20:43  Marine x2  
  121  20:50  Liberator, Marine x3  
  121  20:52  Marine x2  
  121  20:55  Siege Tank  
  127  20:58  SCV  
  126  21:04  Liberator  
  126  21:13  Marine  
  126  21:14  Marine, Refinery x2  
  128  21:21  Siege Tank  
  134  21:27  Marine x3  
  134  21:30  Siege Tank  
  140  21:33  Liberator  
  140  21:34  Marine x3  
  140  21:35  Marine  
  140  21:36  Marine x3  
  147  21:44  Marine  
  147  21:45  Marine x2  
  148  21:52  Marine x3  
  148  21:53  Marine x2  
  148  21:54  Marine  
  151  21:55  Marine  
  153  22:02  Marine  
  153  22:03  Marine x2  
  153  22:04  Medivac  
  152  22:09  Marine x2  
  152  22:10  Marine, SCV x2  
  155  22:15  Liberator  
  155  22:17  Marine  
  155  22:18  Marine x3  
  155  22:22  Marine x2  
  159  22:23  Marine  
  159  22:29  Missile Turret x2  
  162  22:38  Marine x7  
  162  22:40  Marine  
  162  22:42  Marine x2  
  172  22:56  Marine x3  
  172  22:57  Siege Tank  
  178  23:04  Marine x2  
  180  23:12  Marine x2  
  178  23:15  Marine x2  
  176  23:21  Marine  
  176  23:22  Marine x2  
  178  23:30  Marine x2  
Tags
 
Add a new tag
Caveats
  • Supply blocks, unpowered buildings, or Contaminate may cause inaccurate times.
  • Supply counts are checked every 10 seconds.